 Dungeon Crawl Stone Soup version 0.19-a0-599-g723c685 (webtiles) character file.

2 Gorice the Skirmisher (level 1, 0/20 HPs)
             Began as a Minotaur Abyssal Knight on June 11, 2016.
             Was an Initiate of Lugonu.
             Slain by a hobgoblin
             ... wielding a +0 club
              (4 damage)
             ... on level 1 of the Dungeon.
             The game lasted 00:01:16 (159 turns).

Gorice the Skirmisher (Minotaur Abyssal Knight)      Turns: 159, Time: 00:01:17

Health: 0/20       AC:  3    Str: 16    XL:     1   Next: 25%
Magic:  1/1        EV: 11    Int:  9    God:    Lugonu [......]
Gold:   19         SH:  0    Dex:  9    Spells: 0 memorised, 0 levels left

rFire  . . .     SeeInvis .     a - +1 falchion
rCold  . . .     Gourm    .     b - +0 leather armour
rNeg   . . .     Faith    .     (no shield)
rPois  .         Spirit   .     (helmet restricted)
rElec  .         Dismiss  .     (no cloak)
rCorr  .         Reflect  .     (no gloves)
SustAt .         Harm     .     (no boots)
MR     .....                    (no amulet)
Stlth  +.........               (no ring)
                                (no ring)

@: not resistant to hostile enchantments, very unstealthy
A: retaliatory headbutt, horns 2
a: Renounce Religion


You were on level 1 of the Dungeon.
You worshipped Lugonu.
Lugonu was noncommittal.
You were not hungry.

You visited 1 branch of the dungeon, and saw 1 of its levels.
You visited the Abyss 1 time.

You collected 19 gold pieces.

Inventory:

Hand Weapons
 a - a +1 falchion (weapon)
Missiles
 d - 6 tomahawks (quivered)
Armour
 b - a +0 leather armour (worn)
Comestibles
 c - 2 bread rations {!e}


   Skills:
 + Level 3.7 Fighting
 + Level 2.5 Long Blades
 + Level 2.4 Armour
 + Level 1.2 Dodging
 + Level 1.7 Invocations


You couldn't memorise any spells.
You didn't know any spells.

Dungeon Overview and Level Annotations

Branches:
Dungeon (1/15)

Altars:


Innate Abilities, Weirdness & Mutations

You reflexively headbutt those who attack you in melee.
You have a pair of horns on your head.


Message History

Found 10 gold pieces.
Found 9 gold pieces.
You now have 10 gold pieces.
You now have 19 gold pieces (gained 9).
There is a corrupted altar of Lugonu here.
Found a bread ration.
c - 2 bread rations {!e} (gained 1)
Found a gateway leading deeper into the Abyss.
Found 19 arrows.
Found a hide-covered altar of Uskayaw.
There is a hide-covered altar of Uskayaw here.
Found 6 tomahawks.
A small abomination comes into view.
You see here 6 tomahawks.
d - 6 tomahawks The small abomination hits you!
Ouch! That really hurt!
* * * LOW HITPOINT WARNING * * *
Damage: 14 (max 14)
You pass through the gate.
Welcome to the Dungeon!
You can no longer depart the Abyss at will.
A giant cockroach and a kobold come into view.
The kobold shouts!
Found a chain mail.
There is a staircase leading out of the dungeon here.
Found a scroll labeled BEL TI PANIF.
A giant gecko comes into view.
You see here a scroll labeled BEL TI PANIF.
A hobgoblin comes into view. It is wielding a club.
The hobgoblin shouts!
The hobgoblin hits you but does no damage.
The kobold hits you with a dagger.
* * * LOW HITPOINT WARNING * * *
Damage: 2 (max 2)
The giant cockroach misses you.
Found a scroll labeled JOQENO ANOAL.
You hit the giant cockroach. You headbutt the giant cockroach.
You kill the giant cockroach!
Lugonu accepts your kill.
You hit the kobold.
You kill the kobold!
Lugonu accepts your kill.
You barely miss the hobgoblin.
You headbutt the hobgoblin, but do no damage.
The hobgoblin barely misses you. You furiously retaliate!
You headbutt the hobgoblin. You closely miss the hobgoblin.
Your headbutt misses the hobgoblin.
The hobgoblin is heavily wounded.
The hobgoblin hits you with a club.
You die...

#. #? #.###
... ... #.#
#.# #@# ##g#
.# #..# .# +#
#.###.###.#
##+#.........#
#.......#....+
#.......# ..#
#.......# #.#
#.......####.#


You could see a hobgoblin.

Vanquished Creatures
  A giant cockroach (D:1)
  A kobold (D:1)
2 creatures vanquished.

Notes
Turn   | Place    | Note
--------------------------------------------------------------
     0 | Abyss:1  | Gorice the Minotaur Abyssal Knight began the quest for the Orb.
     0 | Abyss:1  | Reached XP level 1. HP: 19/19 MP: 1/1
    65 | Abyss:1  | Found a corrupted altar of Lugonu.
    98 | Abyss:1  | Found a hide-covered altar of Uskayaw.
   118 | Abyss:1  | Noticed a small abomination
   119 | Abyss:1  | HP: 5/19 [small abomination (14)]
   121 | D:1      | Escaped the Abyss
   150 | D:1      | HP: 4/19 [kobold/dagger (3)]
   159 | D:1      | Slain by a hobgoblin

Vault maps used:
D:1:      scummos_arrival_hexagon

Action                   || total
-------------------------++-------
Melee: Falchion          ||     4
       Headbutt          ||     2
Invok: Depart the Abyss  ||     1
Dodge: Dodged            ||     2

Table legend:
 A = Turns spent in this place as a percentage of turns spent in the entire game.
 B = Non-inter-level travel turns spent in this place as a percentage of non-inter-level travel turns spent in the entire game.
 C = Inter-level travel turns spent in this place as a percentage of turns spent in this place.
 D = Turns resting spent in this place as a percentage of non-inter-level travel turns spent in this place.
 E = Turns spent auto-exploring this place as a percentage of non-inter-level travel turns spent in this place.
 F = Non-inter-level travel turns spent in this place divided by the number of levels of this place that you've seen.
                   A       B       C       D       E      F
               +-------+-------+-------+-------+-------+----------------------
         Total | 100.0 | 100.0 |   0.0 |   0.0 |   0.0 |  86.5
       Dungeon |  22.0 |  22.0 |   0.0 |   0.0 |   0.0 |  38.0
         Abyss |  78.0 |  78.0 |   0.0 |   0.0 |   0.0 | 135.0
               +-------+-------+-------+-------+-------+----------------------

Vault maps used:
D:1:      scummos_arrival_hexagon
